 Dungeon Crawl Stone Soup version 0.19.5 (webtiles) character file.

174 snowfan the Conjurer (level 5, -4/28 HPs)
             Began as a Deep Elf Wizard on May 20, 2017.
             Slain by Yhamm's ghost (15 damage)
             ... on level 4 of the Dungeon.
             The game lasted 00:09:14 (2926 turns).

snowfan the Conjurer (Deep Elf Wizard)              Turns: 2926, Time: 00:09:15

Health: -4/28      AC:  2    Str:  4    XL:     5   Next: 28%
Magic:  3/13       EV: 13    Int: 24    God:
Gold:   140        SH:  0    Dex: 13    Spells: 5 memorised, 1 level left

rFire  . . .     SeeInvis .     h - +0 hunting sling
rCold  . . .     Gourm    .     a - +0 robe
rNeg   + . .     Faith    +     (no shield)
rPois  +         Spirit   .     b - +0 hat
rElec  .         Reflect  .     (no cloak)
rCorr  .         Harm     .     (no gloves)
MR     .....                    (no boots)
Stlth  ++........               t - amulet of faith
                                i - ring of poison resistance
                                e - ring of positive energy

@: repel missiles
A: no striking features
a: no special abilities


You were on level 4 of the Dungeon.
You were not hungry.

You visited 1 branch of the dungeon, and saw 4 of its levels.

You collected 140 gold pieces.

Inventory:

Hand Weapons
 h - a +0 hunting sling (weapon)
Missiles
 g - 140 stones (quivered)
 m - 19 poisoned needles
Armour
 a - a +0 robe (worn)
 b - a +0 hat (worn)
Jewellery
 e - a ring of positive energy (left hand)
 f - an uncursed ring of ice
 i - a ring of poison resistance (right hand)
 n - an uncursed amulet of rage
 t - an amulet of faith (around neck)
Scrolls
 k - 3 scrolls of teleportation
 l - 2 scrolls of identify
 q - a scroll of recharging {unknown}
 s - a scroll of remove curse {unknown}
 u - a scroll of enchant armour {unknown}
Potions
 o - 2 potions of lignification {unknown}
 p - a potion of might {unknown}
Books
 c - a book of Minor Magic

   Spells                             Type                      Level
   a - Magic Dart                     Conjuration                  1
   b - Blink                          Translocation                2
   c - Call Imp                       Summoning                    2
   d - Repel Missiles                 Charms/Air                   2
   e - Slow                           Hexes                        2
   f - Conjure Flame                  Conjuration/Fire             3
   g - Mephitic Cloud                 Conjuration/Poison/Air       3
Comestibles
 d - 3 bread rations
 j - a beef jerky
 r - a chunk of flesh


   Skills:
 - Level 2.4 Dodging
 - Level 2.4 Stealth
 - Level 4.4 Spellcasting
 + Level 5.7 Conjurations
   Level 1.1 Summonings
 - Level 1.1 Translocations


You had one spell level left.
You knew the following spells:

 Your Spells              Type           Power        Failure   Level  Hunger
a - Magic Dart            Conj           ####         1%          1    None
c - Mephitic Cloud        Conj/Pois/Air  ##......     14%         3    ##.....
d - Conjure Flame         Conj/Fire      ###.....     12%         3    ##.....
m - Repel Missiles        Chrm/Air       #.....       14%         2    None
q - Blink                 Tloc           N/A          12%         2    None


Dungeon Overview and Level Annotations

Branches:
Dungeon (4/15)
 Temple: D:4-7

Altars:
Gozag
Hepliaklqana
Okawaru
Yredelemnul

Annotations:
D:4 Yhamm's ghost, amateur FoFi


Message History

Casting: Magic Dart
Confirm with . or Enter, or press ? or * to list all spells.
Aiming: Magic Dart
Press: ? - help, Shift-Dir - straight line, f/p - Yhamm's ghost
Aim: Yhamm's ghost (flame, severely damaged)
The magic dart hits Yhamm's ghost.
Yhamm's ghost is severely damaged.
Yhamm's ghost is engulfed in roaring flames.
Yhamm's ghost hits you.
Casting: Magic Dart
Confirm with . or Enter, or press ? or * to list all spells.
Aiming: Magic Dart
Press: ? - help, Shift-Dir - straight line, f/p - Yhamm's ghost
Aim: Yhamm's ghost (flame, almost destroyed)
The magic dart hits Yhamm's ghost.
Yhamm's ghost is almost destroyed.
Yhamm's ghost is engulfed in roaring flames.
Yhamm's ghost hits you!
Ouch! That really hurt!
You die...

#..... .....
#....####.....
#.............
#.............
#.........%...
#.............
#..#.......... #
#..#..........
#.#.@WZ........W #
#.#.#####.....Z. #.
#.......#.......
##.#+###.###.#.......
#...<......# ....
#..........# ..
#..........# .
#..........#
#####..........#


You could see Yhamm's ghost and a leopard gecko skeleton.

Vanquished Creatures
  A bullfrog (D:3)
  A gnoll (D:3)
  2 adders
  2 oozes
  A worm (D:3)
  A dart slug (D:2)
  5 leopard geckos
  3 orcs (D:3)
  3 giant cockroaches
  4 hobgoblins
  3 jackals (D:1)
  9 kobolds
  7 bats
  7 frilled lizards
  10 goblins
  A leopard gecko skeleton (D:4)
  4 rats
64 creatures vanquished.

Notes
Turn   | Place    | Note
-------+----------+-------------------------------------------
     0 | D:1      | snowfan the Deep Elf Wizard began the quest for the Orb.
     0 | D:1      | Reached XP level 1. HP: 10/10 MP: 7/7
   111 | D:1      | Reached skill level 2 in Conjurations
   111 | D:1      | Reached XP level 2. HP: 15/15 MP: 0/9
   409 | D:1      | Reached skill level 3 in Conjurations
   767 | D:2      | Reached XP level 3. HP: 19/19 MP: 8/10
  1371 | D:2      | Reached skill level 4 in Conjurations
  1786 | D:2      | Found a basalt altar of Yredelemnul.
  1813 | D:3      | Found an opulent altar of Gozag.
  1871 | D:3      | Noticed a bullfrog
  1879 | D:3      | Learned a level 3 spell: Conjure Flame
  1882 | D:3      | Learned a level 2 spell: Blink
  1886 | D:3      | Learned a level 3 spell: Mephitic Cloud
  2132 | D:3      | Reached XP level 4. HP: 20/24 MP: 10/12
  2263 | D:3      | Killed a bullfrog
  2263 | D:3      | Reached skill level 5 in Conjurations
  2263 | D:3      | Reached XP level 5. HP: 24/28 MP: 0/13
  2683 | D:3      | Found an iron altar of Okawaru.
  2733 | D:3      | Found a faded altar of an unknown god.
  2733 | D:3      | Found a hazy altar of Hepliaklqana.
  2738 | D:3      | Found a faded altar of an unknown god.
  2740 | D:3      | Found a faded altar of an unknown god.
  2742 | D:3      | Found a faded altar of an unknown god.
  2830 | D:4      | Learned a level 2 spell: Repel Missiles
  2888 | D:4      | Noticed Yhamm's ghost (amateur FoFi)
  2926 | D:4      | Slain by Yhamm's ghost

Skill      XL: |  1  2  3  4 |
---------------+-------------+-----
Conjurations   | 2 3 4 5 |  5.7
Dodging        | |  2.4
Stealth        | |  2.4
Spellcasting   | |  4.4
Summonings     | |  1.1
Translocations | |  1.1

Action                   |  1- 3 |  4- 6 || total
-------------------------+-------+-------++-------
 Fire: Hunting sling     |     2 |     6 ||     8
 Cast: Magic Dart        |    86 |    44 ||   130
       Conjure Flame     |     2 |     2 ||     4
       Blink             |     2 |     1 ||     3
       Repel Missiles    |       |     1 ||     1
  Use: Scroll            |     3 |       ||     3
  Eat: Chunk             |     4 |     2 ||     6
Armor: Robe              |     1 |       ||     1
Dodge: Dodged            |    10 |     9 ||    19
